 Dungeon Crawl Stone Soup version 0.18.1-50-g88ac8fd (webtiles) character file.

167 Necrotakul the Magician (level 5, 0/24 HPs)
             Began as a Spriggan Enchanter on Oct 19, 2016.
             Drowned by a drowned soul (2 damage)
             ... summoned by a malarious merfolk avatar
             ... in a sewer.
             The game lasted 00:18:24 (2687 turns).

Necrotakul the Magician (Spriggan Enchanter)        Turns: 2687, Time: 00:18:25

Health: 0/24       AC:  3    Str:  4    XL:     5   Next: 23%
Magic:  1/14       EV: 18    Int: 17    God:
Gold:   92         SH:  0    Dex: 17    Spells: 5 memorised, 3 levels left

rFire  . . .     SeeInvis +     a - +1 dagger
rCold  . . .     Gourm    .     b - +1 robe
rNeg   . . .     Faith    .     (shield restricted)
rPois  .         Spirit   .     (helmet restricted)
rElec  .         Dismiss  .     (no cloak)
rCorr  .         Reflect  .     (gloves unavailable)
SustAt .         Harm     .     (boots unavailable)
MR     .....                    (no amulet)
Stlth  ++........               (no ring)
                                (no ring)

@: mesmerised, very quick, not resistant to hostile enchantments, unstealthy
A: unfitting armour, see invisible, herbivore 3, speed 3, slow metabolism 2
a: no special abilities


You were in a sewer.
You were full.

You visited 1 branch of the dungeon, and saw 3 of its levels.
You also visited: Sewer.

You collected 92 gold pieces.

Inventory:

Hand Weapons
 a - a +1 dagger (weapon)
Missiles
 g - 5 needles of confusion
Armour
 b - a +1 robe (worn)
Scrolls
 c - 2 scrolls of teleportation
 f - 3 scrolls of identify
 h - 2 scrolls of blinking
 i - a scroll of amnesia {unknown}
 j - 2 scrolls of remove curse
 l - a scroll of fog
Potions
 e - a potion of degeneration {unknown}
 k - 5 potions of flight
Comestibles
 d - 2 bread rations


   Skills:
 - Level 1.1 Short Blades
 - Level 3.0 Dodging
 - Level 4.4 Stealth
 + Level 5.7 Spellcasting
 + Level 5.0 Hexes


You had 3 spell levels left.
You knew the following spells:

 Your Spells              Type           Power        Failure   Level  Hunger
a - Corona                Hex            ###....      1%          1    None
b - Ensorcelled Hibernat  Hex/Ice        ##....       10%         2    #......
c - Confuse               Hex            ###.....     8%          3    ##.....
d - Tukima's Dance        Hex            ###.....     8%          3    ##.....
e - Dazzling Spray        Conj/Hex       ##....       17%         3    ##.....


Dungeon Overview and Level Annotations

Branches:
Dungeon (3/15)

Altars:
The Shining One


Innate Abilities, Weirdness & Mutations

You are tiny and cannot use many weapons and most armour.
You have supernaturally acute eyesight.
You are a herbivore.
You cover ground extremely quickly.
You need consume almost no food.


Message History

The spray of energy misses the drowned soul.
The drowned soul touches you. The drowned soul drowns you.
* * * LOW HITPOINT WARNING * * *
The malarious merfolk avatar chants its luring song.
Read which item? (? for menu, Esc to quit)
As you read the scroll of fog, it crumbles to dust.
The scroll dissolves into smoke.
The malarious merfolk avatar chants its luring song.
Your unstable footing causes you to fumble your attack.
The malarious merfolk avatar chants its luring song.
You miss the malarious merfolk avatar.
The malarious merfolk avatar is almost dead.
The malarious merfolk avatar is no longer blind.
The malarious merfolk avatar chants its luring song.
You hit the malarious merfolk avatar but do no damage.
The malarious merfolk avatar is almost dead.
The drowned soul touches you.
* * * LOW HITPOINT WARNING * * *
The drowned soul drowns you.
You die...

≈≈≈≈≈≈≈≈≈≈≈ #######
≈≈≈≈≈≈≈W≈≈ ##.....##
≈≈≈≈≈≈≈≈≈≈ #††###..#
##W≈≈≈≈≈≈≈≈ ###≈≈# ##.##
#≈≈≈≈≈≈≈≈≈S .†.≈≈#
#†.###≈≈≈≈≈≈≈≈W≈
#########†.#≈≈≈§m§≈≈≈≈≈≈
#S≈≈≈≈≈≈≈≈≈≈≈≈≈§@§≈≈≈≈W≈
≈########..#≈≈≈§§§≈≈≈≈≈≈
## #.†###≈≈≈≈≈≈≈≈≈≈ #..#
#.≈≈≈≈≈≈≈≈≈ #..#
#.≈≈≈≈≈≈≈≈≈ ####
#.≈≈≈≈≈≈≈≈≈ '.≈≈≈≈≈≈≈≈≈
##≈≈≈≈≈≈≈≈≈≈ ≈≈≈≈≈≈≈≈≈≈


You could see a malarious merfolk avatar, 4 drowned souls and an adder.

Vanquished Creatures
  A siren (Sewer)
  7 adders
  2 oozes
  A worm (D:3)
  A dart slug (D:2)
  3 giant geckos
  3 giant cockroaches
  7 hobgoblins
  2 quokkas
  4 ball pythons (Sewer)
  8 bats
  6 giant newts
  5 goblins
  31 rats
81 creatures vanquished.

Notes
Turn   | Place    | Note
--------------------------------------------------------------
     0 | D:1      | Necrotakul the Spriggan Enchanter began the quest for the Orb.
     0 | D:1      | Reached XP level 1. HP: 9/9 MP: 5/5
   305 | D:1      | Reached XP level 2. HP: 13/13 MP: 5/7
   309 | D:1      | Learned a level 2 spell: Ensorcelled Hibernation
  1037 | D:2      | Reached XP level 3. HP: 12/16 MP: 9/9
  1429 | D:2      | Reached skill level 5 in Spellcasting
  1435 | D:2      | Found a glowing golden altar of the Shining One.
  1465 | D:2      | Reached XP level 4. HP: 14/21 MP: 6/12
  2055 | D:3      | Found a glowing drain.
  2059 | Sewer    | Entered a sewer
  2091 | Sewer    | Learned a level 3 spell: Confuse
  2095 | Sewer    | Learned a level 3 spell: Tukima's Dance
  2099 | Sewer    | Learned a level 3 spell: Dazzling Spray
  2547 | Sewer    | Reached XP level 5. HP: 24/24 MP: 9/14
  2672 | Sewer    | Reached skill level 5 in Hexes
  2687 | Sewer    | Drowned by a drowned soul

Skill      XL: |  1  2  3  4  5 |
---------------+----------------+-----
Spellcasting   | 3 4 5 |  5.7
Hexes          | 4 5 |  5.0
Short Blades   | |  1.1
Dodging        | |  3.0
Stealth        | |  4.4

Action                   |  1- 3 |  4- 6 || total
-------------------------+-------+-------++-------
Melee: Dagger            |   108 |   217 ||   325
 Cast: Corona            |     8 |    11 ||    19
       Ensorcelled Hiber |     7 |    14 ||    21
       Dazzling Spray    |       |     5 ||     5
       Tukima's Dance    |       |     1 ||     1
  Use: Scroll            |       |     4 ||     4
 Stab: Sleeping          |     9 |    19 ||    28
       Invisible         |       |     1 ||     1
  Eat: Bread ration      |       |     1 ||     1
Armor: Robe              |    14 |    25 ||    39
Dodge: Dodged            |    87 |   173 ||   260
